AoeStats
← ΑŸĂΝ

Nomad

505461512Analyzed
2v2 RM · 23d ago on Sep 9, 2026· 64m 26s· 4 players
Game mode
Random Map
Map size
176×176
Population
200
Speed
Normal
Resources
Standard
Victory
Conquest
Starting age
Dark Age
Ending age
Imperial Age
RankedLock teamsTeams togetherTeam positionsShared explorationLock speedFull tech treeHidden civsTurbo modeCheats
Victory
Defeat
🇹🇼 Burmese · Taiwan
1168
+18
🇹🇼 Armenians · Taiwan
1167
+18
🇨🇴 Italians · Colombia
1239
-19
🇨🇴 Romans · Colombia
1176
-17
ΑŸĂΝ
5:59 Loom
13:51 Feudal Age
20:25 Castle Age
21:37 Horse Collar
22:05 Gold Mining
27:19 Bloodlines
28:01 Heavy Plow
31:09 Wheelbarrow
31:33 Scale Barding Armor
31:39 Forging
33:10 Treadmill Crane
34:24 Hand Cart
34:55 Husbandry
40:07 Imperial Age
37:34 Stone Mining
41:19 Conscription
41:00 Howdah
42:47 Crop Rotation
42:43 Chain Barding Armor
42:59 Iron Casting
42:15 Fletching
43:35 Chemistry
42:58 Ballistics
42:55 Elite Arambai
44:57 Town Watch
46:43 Chemistry
45:53 Masonry
46:24 Bodkin Arrow
47:48 Padded Archer Armor
49:18 Bracer
50:18 Blast Furnace
52:23 Gold Shaft Mining
52:42 Elite Battle Elephant
54:52 Architecture
54:23 Caravan
57:24 Plate Barding Armor
mengshueh
7:01 Loom
16:04 Feudal Age
16:59 Gold Mining
17:44 Man-at-Arms
19:09 Long Swordsman
20:08 Forging
19:59 Scale Mail Armor
22:20 Castle Age
20:20 Arson
23:20 Gambesons
24:02 Squires
28:02 Horse Collar
27:54 Two-Handed Swordsman
34:00 Fletching
35:39 Bodkin Arrow
39:01 Imperial Age
38:10 Padded Archer Armor
40:18 Double-Bit Axe
39:59 Elite Composite Bowman
43:35 Bracer
43:52 Heavy Plow
45:41 Onager
47:35 Champion
48:37 Stone Mining
49:46 Bow Saw
51:29 Chemistry
50:52 Ballistics
51:33 Chemistry
51:22 Wheelbarrow
56:15 Fereters
58:48 Conscription
59:50 Leather Archer Armor
60:10 Iron Casting
59:51 Chain Mail Armor
adrian_mg123
4:07 Loom
16:14 Feudal Age
17:27 Fishing Lines
23:06 Castle Age
22:30 Scale Barding Armor
27:45 Wheelbarrow
31:07 Squires
31:19 Forging
31:12 Padded Archer Armor
31:16 Gillnets
33:23 Hand Cart
33:24 Fletching
34:08 Bodkin Arrow
34:28 Leather Archer Armor
40:39 Bloodlines
43:43 Imperial Age
43:05 Double-Bit Axe
43:31 Forging
43:03 Horse Collar
44:00 Husbandry
44:48 Conscription
44:42 Ballistas
45:09 Ring Archer Armor
45:32 Pikeman
50:49 Heavy Scorpion
52:07 Iron Casting
52:05 Man-at-Arms
55:03 Chemistry
54:23 Ballistics
53:55 Long Swordsman
61:26 Light Cavalry
Miposhka
7:54 Loom
13:45 Feudal Age
19:37 Castle Age
17:36 Fletching
20:42 Bodkin Arrow
20:59 Medium Warships
21:21 Padded Archer Armor
28:16 Ballistics
28:58 Double-Bit Axe
28:55 Horse Collar
30:23 Husbandry
35:58 Wheelbarrow
35:08 Town Watch
36:26 Thumb Ring
40:20 Hand Cart
43:13 Leather Archer Armor
44:08 Bloodlines
46:39 Imperial Age
45:08 Gold Mining
46:46 Light Cavalry
48:48 Conscription
48:46 Bow Saw
48:51 Bracer
49:55 Chemistry
48:51 Murder Holes
50:52 Masonry
50:51 Hussar
55:04 Capped Ram
56:40 Town Patrol
63:27 Hoardings
Connection lost

Rejoining the realm…

Still unreachable

The connection could not be restored.

Session expired

The server has moved on; the page needs a fresh start.